 Dungeon Crawl Stone Soup version 5.2-56-g927a965 (console) character file.

355 prospero the Basher (level 8, -5/74 HPs)
             Began as an Ogre Hunter on Mar 4, 2018.
             Was a Follower of Ru.
             Slain by a troll (14 damage)
             ... on level 5 of the Dungeon.
             The game lasted 00:11:48 (4206 turns).

prospero the Basher (Ogre Hunter)                   Turns: 4206, Time: 00:11:48

Health: -5/74      AC:  5 (0%)Str: 20   XL:     8   Next: 16%
Magic:  8/8        EV: 10    Int: 10    God:    Ru [1*[37]]
Gold:   317        SH:  0    Dex: 10    Spells: 7/7 levels left

rFire    . . .     SeeInvis .   y - +0 giant club
rCold    . . .     Faith    .   (shield currently unavailable)
rNeg     . . .     Spirit   .   b - +0 robe
rPois    .         Reflect  .   (helmet restricted)
rElec    .                      d - +1 cloak
rCorr    +                      (gloves unavailable)
MR       .....                  (boots unavailable)
Stlth    +.........             (no amulet)
Regen    0.3/turn               e - ring of resist corrosion
MPRegen  0.2/turn               h - +3 ring of slaying

@: no status effects
A: unfitting armour, tough skin 1, hated by all
a: Renounce Religion


You were on level 5 of the Dungeon.
You worshipped Ru.
Ru was aware of your devotion.
You were not hungry.

You visited 1 branch of the dungeon, and saw 5 of its levels.

You collected 317 gold pieces.

Inventory:

Hand Weapons
 q - a +2 whip of flaming
 y - a +0 giant club (weapon)
Missiles
 c - 61 large rocks (quivered)
 i - 1712 stones
 j - 183 bolts
 k - 302 arrows
 w - 13 frenzy darts
Armour
 b - a +0 robe (worn)
 d - a +1 cloak (worn)
Jewellery
 e - a ring of resist corrosion (left hand)
 h - a +3 ring of slaying (right hand)
 v - an uncursed ring of ice
Wands
 m - a wand of disintegration (5)
 t - a wand of acid (1)
 u - a wand of flame (10)
Scrolls
 g - 2 scrolls of amnesia
 o - 2 scrolls of teleportation
 p - a scroll of magic mapping
Potions
 f - a potion of lignification
 l - a potion of berserk rage
 n - a potion of augmentation
 r - a potion of haste
 s - a potion of curing
 x - a potion of cancellation


   Skills:
 - Level 2.6 Fighting
 + Level 10.9 Maces & Staves
 - Level 5.1 Throwing
 - Level 1.7 Dodging
 - Level 0.6 Stealth


You had 7 spell levels left.
You didn't know any spells.

Dungeon Overview and Level Annotations

Branches:
Dungeon (5/15)

Altars:
Cheibriados
Dithmenos
Gozag
Makhleb
Nemelex Xobeh
Ru
Trog
Uskayaw
Vehumet
Xom
Yredelemnul
Zin


Innate Abilities, Weirdness & Mutations

You are too large for most types of armour.
You have tough skin. (AC +1)
You are hated by all.


Message History

The troll is moderately wounded.
The troll closely misses you. The troll claws you (7)!
* * * LOW HITPOINT WARNING * * *
The troll closely misses you.
You closely miss the troll.
The troll is moderately wounded.
The troll bites you (6).
* * * LOW HITPOINT WARNING * * *
The troll claws you (2).
* * * LOW HITPOINT WARNING * * *
The troll claws you but does no damage.
You feel much better. The troll bites you (15)! The troll claws you (13)!
* * * LOW HITPOINT WARNING * * *
The troll barely misses you.
You bludgeon the troll (24)!!
The troll is severely wounded.
The troll bites you (7)!
* * * LOW HITPOINT WARNING * * *
The troll claws you (14)!
You die...

#..##..##.# #..........### .c.
.#..##..#)# ##.............. .
........).### #..............$.
............###................
###.........##).#..............
............##.###.............
..#............# ####..........
............#..# #.........
..#............## ##..####.
...........#....### ...
###......#..#.#.@T#
........##.#.##........
.........##.#.##.##....#
.........##.#.##.# ##.# #. ..#
. .. ... ..# .###


You could see a troll.

Vanquished Creatures
  A wyvern (D:5)
  An ogre (D:5)
  A centaur (D:5)
  A scorpion (D:5)
  2 crimson imps
  A howler monkey (D:4)
  3 hounds
  A gnoll shaman (D:4)
  A bullfrog skeleton (D:5)
  6 worker ants
  2 iguanas
  5 gnolls (D:4)
  3 adders
  An ooze (D:4)
  A dart slug (D:2)
  11 orcs
  3 quokkas
  A ball python (D:2)
  4 bats
  10 hobgoblins
  3 jackals (D:2)
  7 kobolds
  6 frilled lizards
  2 gnoll zombies (D:3)
  15 goblins
  7 rats
99 creatures vanquished.

Notes
Turn   | Place    | Note
-------+----------+-------------------------------------------
     0 | D:1      | prospero the Ogre Hunter began the quest for the Orb.
     0 | D:1      | Reached XP level 1. HP: 22/22 MP: 1/1
   126 | D:1      | Reached skill level 1 in Maces & Staves
   126 | D:1      | Reached XP level 2. HP: 22/29 MP: 2/2
   713 | D:2      | Found a sacrificial altar of Ru.
   713 | D:2      | Found a shimmering altar of Xom.
   723 | D:2      | Reached skill level 2 in Maces & Staves
   723 | D:2      | Reached XP level 3. HP: 32/36 MP: 3/3
   764 | D:2      | Became a worshipper of Ru the Awakened
   957 | D:2      | Reached skill level 3 in Maces & Staves
  1085 | D:2      | Reached XP level 4. HP: 44/44 MP: 4/4
  1225 | D:2      | Found a snail-covered altar of Cheibriados.
  1254 | D:2      | Found a faded altar of an unknown god.
  1502 | D:2      | Found a bloodstained altar of Trog.
  1670 | D:3      | Found a shadowy altar of Dithmenos.
  1698 | D:3      | Reached skill level 5 in Throwing
  2017 | D:3      | Found a glowing silver altar of Zin.
  2053 | D:3      | Reached skill level 4 in Maces & Staves
  2115 | D:3      | Reached XP level 5. HP: 48/50 MP: 5/5
  2214 | D:3      | Found a burning altar of Makhleb.
  2214 | D:3      | Noticed a balrug
  2218 | D:3      | Noticed a smoke demon
  2218 | D:3      | Noticed a smoke demon
  2248 | D:3      | Reached skill level 5 in Maces & Staves
  2473 | D:3      | Found a basalt altar of Yredelemnul.
  2682 | D:4      | Gained mutation: You are hated by all. [Ru sacrifice]
  2682 | D:4      | Reached * piety under Ru
  2710 | D:4      | Reached skill level 6 in Maces & Staves
  2866 | D:4      | Reached XP level 6. HP: 59/59 MP: 6/6
  3154 | D:4      | Reached skill level 7 in Maces & Staves
  3344 | D:4      | Found a hide-covered altar of Uskayaw.
  3380 | D:4      | Found a radiant altar of Vehumet.
  3431 | D:4      | Reached skill level 8 in Maces & Staves
  3432 | D:4      | Reached XP level 7. HP: 46/66 MP: 7/7
  3547 | D:4      | Found an opulent altar of Gozag.
  3571 | D:4      | Found a sparkling altar of Nemelex Xobeh.
  3706 | D:5      | Entered Level 5 of the Dungeon
  3745 | D:5      | Reached skill level 9 in Maces & Staves
  3765 | D:5      | Noticed a wyvern
  3884 | D:5      | Reached skill level 10 in Maces & Staves
  4171 | D:5      | Killed a wyvern
  4171 | D:5      | Reached XP level 8. HP: 69/74 MP: 8/8
  4197 | D:5      | Noticed a troll
  4206 | D:5      | Slain by a troll

Skill      XL: |  1  2  3  4  5  6  7 |
---------------+----------------------+-----
Maces & Staves | 1 2 3 4 6 8 10 | 10.9
Throwing       | 5 |  5.1
Fighting       | |  2.6
Dodging        | |  1.7
Stealth        | |  0.6

Action                   |  1- 3 |  4- 6 |  7- 9 || total
-------------------------+-------+-------+-------++-------
Melee: Dagger            |    45 |       |       ||    45
       Whip              |    52 |    54 |    57 ||   163
       Flail             |       |    76 |    10 ||    86
       Giant club        |       |       |     6 ||     6
Throw: Large rock        |    12 |    22 |     5 ||    39
Invok: Sacrifice Love    |       |     1 |       ||     1
Evoke: Wand              |       |     1 |       ||     1
  Use: Potion            |       |     2 |     1 ||     3
       Scroll            |       |     1 |       ||     1
 Stab: Sleeping          |     1 |     1 |       ||     2
Armor: Robe              |    28 |    27 |    16 ||    71
Dodge: Dodged            |    60 |    69 |    23 ||   152
